 Dungeon Crawl Stone Soup version 0.31-a0-986-g5e6e4ef867 (webtiles) character file.

Game seed: 11536292273905518004

210 Sanktem7 the Chopper (level 5, -1/46 HPs)
             Began as a Minotaur Fighter on Nov 9, 2023.
             Slain by an orc priest
             ... wielding a +1 heavy trident
              (6 damage)
             ... on level 3 of the Dungeon.
             The game lasted 00:04:33 (2192 turns).

Sanktem7 the Chopper (Minotaur Fighter)             Turns: 2192, Time: 00:04:34

Health: -1/46      AC: 11    Str: 22    XL:     5   Next: 57%
Magic:  4/4        EV:  6    Int:  5    God:
Gold:   133        SH:  4    Dex: 10    Spells: 4/4 levels left

rFire   . . .        a - +0 war axe {axe}
rCold   . . .        c - +0 buckler
rNeg    . . .        q - +0 plate armour
rPois   .            (helmet restricted)
rElec   .            (no cloak)
rCorr   .            (no gloves)
SInv    .            (no boots)
Will    .....        m - amulet of magic regeneration {@e2} Stlth
                     g - ring of flight
HPRegen 0.27/turn    (no ring)
MPRegen 0.49/turn

%: no passive effects
@: flying
A: horns 2, retaliatory headbutt
a: no special abilities


You were on level 3 of the Dungeon.
You visited 1 branch of the dungeon, and saw 3 of its levels.

You collected 133 gold pieces.


Innate Abilities, Weirdness & Mutations

You have a pair of horns on your head.
You reflexively headbutt those who attack you in melee.


   Skills:
 + Level 3.8 Fighting
 * Level 5.4 Axes
 + Level 2.9 Throwing
 + Level 3.8 Armour
 + Level 3.9 Shields


You had 4 spell levels left.
You didn't know any spells.
Your spell library contained the following spells:

 Spells                   Type           Power      Damage    Failure   Level
 Slow                     Hex            0%         N/A       100%        1
 Confusing Touch          Hex            0%         N/A       100%        3
 Sigil of Binding         Hex            0%         N/A       100%        3
 Vampiric Draining        Necr           0%         2d6       100%        3
 Volatile Blastmotes      Fire/Tloc      0%         2d10      100%        3
 Fulminant Prism          Conj/Hex       0%         3d5       100%        4
 Iskenderun's Mystic Bla  Conj/Tloc      0%         2d3       100%        4

Inventory:

Hand Weapons
 a - a +0 war axe (weapon) {axe}
Missiles
 e - 17 stones {throwing}
 k - 2 throwing nets {=f!fthrowing}
Armour
 c - a +0 buckler (worn)
 q - a +0 plate armour (worn)
   (You found it on level 3 of the Dungeon)
Jewellery
 g - a ring of flight (left hand)
   (You found it on level 1 of the Dungeon)
 m - an amulet of magic regeneration (around neck) {@e2}
   (You found it on level 2 of the Dungeon)
Scrolls
 b - a scroll of summoning {unknown}
 f - a scroll of poison {unknown}
 i - 2 scrolls of teleportation {unknown}
 l - a scroll of amnesia {unknown}
 r - 3 scrolls of identify {unknown}
Potions
 d - a potion of might
 h - a potion of enlightenment {unknown}
 j - 4 potions of lignification {unknown}
 n - a potion of haste {unknown}
 o - a potion of attraction {unknown}
 p - 2 potions of degeneration {unknown}

Dungeon Overview and Level Annotations

Branches:
Dungeon (3/15) Zot: 15763

Altars:

##.##.######
#.........#
####.####.# #.#
######.##
#.....))# #####
#.##.#.(# .....
###.##.#..###.#
.....
.......@)†...?..
.....
###.##o##.###..#
..... #. .# #
..... .. .#
..... ##? ##
..... ## #####


You could see an orc priest.


Message History

You slash the kobold!
You kill the kobold!
No target in view!
No target in view!
No target in view!
No target in view!
e - 17 stones {throwing} (gained 3)
Things that are here:
a +0 short sword {short}; a kobold corpse
Found a stone staircase leading down.
j - 4 puce potions (gained 2)
There is a stone staircase leading down here.
There is a stone staircase leading down here.
Key pressed, stopping explore.
You see here a +0 hand axe {axe}.
An orc comes into view. It is wielding a +0 club.
The orc shouts!
You hear a shout! x2
An orc is nearby!
An orc comes into view. It is wielding a +0 mace.
The orc hits you but does no damage.
You slash the orc!
You kill the orc!
You slash the orc!
You kill the orc!
A ball python comes into view.
An orc comes into view. It is wielding a +0 short sword.
The ball python moves out of view.
The orc shouts!
Things that are here:
a +0 club {mace}; an orc corpse The ball python hisses angrily.
You hear a shout! x2
An orc priest and a hobgoblin come into view.
The orc priest shouts!
The hobgoblin shouts!
A hobgoblin comes into view.
The orc hits you but does no damage.
The orc priest moves out of view.
You closely miss the orc. You slash the ball python!
You kill the ball python!
An orc priest comes into view. It is wielding a +1 heavy trident.
The orc hits you with a +0 short sword.
The orc priest looks encouraged for a moment.
The orc priest hits you with a +0 club.
The orc hits you with a +0 short sword. 😕 HP[-10]
You take 10 damage, and now have 36/46 hp.
MASSIVE DAMAGE!! (PAUSE)
You closely miss the orc priest. You hit the orc. You block the orc's attack.
The orc priest hits you but does no damage.
You slash the orc priest! You closely miss the orc. The orc closely misses you.
The orc priest hits you with a +0 club.
You block the orc priest's attack. 😮 HP[-2]
You take 2 damage, and now have 34/46 hp.
You slash the orc priest!
You kill the orc priest!
You closely miss the orc. The orc hits you but does no damage.
The hobgoblin hits you but does no damage.
The orc priest barely misses you.
The orc hits you but does no damage. 😕 HP[+1]
You hit the hobgoblin but do no damage. Your headbutt misses the hobgoblin.
You barely miss the orc.
The hobgoblin hits you but does no damage.
The orc hits you but does no damage.
You hit the hobgoblin but do no damage. You closely miss the orc.
The orc priest hits you but does no damage.
The hobgoblin barely misses you. The orc hits you but does no damage.
You hit the hobgoblin.
You kill the hobgoblin!
You slash the orc!
You kill the orc!
The orc priest hits you from afar with a +1 heavy trident. 😮 HP[-1]
You take 1 damage, and now have 34/46 hp.
You hit the hobgoblin. The hobgoblin barely misses you.
You furiously retaliate!
You headbutt the hobgoblin.
You kill the hobgoblin!
The orc priest hits you from afar with a +1 heavy trident! 😮 HP[-9]
You take 9 damage, and now have 25/46 hp.
You block the orc priest's attack.
Things that are here:
a +0 club {mace}; a hobgoblin corpse You barely miss the orc priest. 😮 HP[+1]
You barely miss the orc priest.
The orc priest hits you with a +1 heavy trident.
* * * LOW HITPOINT WARNING * * *
😨 HP[-5]
You take 5 damage, and now have 21/46 hp.
You barely miss the orc priest. You headbutt the orc priest.
The orc priest hits you with a +1 heavy trident!
* * * LOW HITPOINT WARNING * * *
😱 HP[-10]
You take 10 damage, and now have 11/46 hp.
MASSIVE DAMAGE!! (PAUSE)
You hit the orc priest but do no damage.
The orc priest hits you with a +1 heavy trident!
* * * LOW HITPOINT WARNING * * *
😱 HP[-6]
You take 6 damage, and now have 5/46 hp.
You barely miss the orc priest.
The orc priest hits you with a +1 heavy trident.
You die...

Skill      XL: |  1  2  3  4 |
---------------+-------------+-----
Axes           | 3 4 5 |  5.4
Throwing       | 1 2 |  2.9
Fighting       | |  3.8
Armour         | |  3.8
Shields        | |  3.9

Action                     |  1- 3 |  4- 6 || total
---------------------------+-------+-------++-------
  Melee: War axe           |    71 |    67 ||   138
         Headbutt          |     3 |     9 ||    12
 Armour: Scale mail        |    50 |     8 ||    58
         Chain mail        |       |    21 ||    21
         Plate armour      |       |    29 ||    29
  Dodge: Dodged            |    52 |    23 ||    75
  Block: Buckler           |    15 |    12 ||    27

Levels and vault maps discovered:
D:1:      psy_arrival_radial01, layout_loops_ring,
          dilly_ecumenical_altar_fadedgnrine
D:2:      layout_rooms
D:3:      layout_loops_ring, serial_park_tiny_pond, chequers_decorated_corner

Notes
Turn   | Place    | Note
-------+----------+-------------------------------------------
     0 | D:1      | Sanktem7 the Minotaur Fighter began the quest for the Orb.
     0 | D:1      | Reached XP level 1. HP: 19/19 MP: 0/0
     0 | D:1      | magus.rc [v1.9.6]
    88 | D:1      | Reached skill level 3 in Axes
   187 | D:1      | Reached XP level 2. HP: 26/26 MP: 1/1
   265 | D:1      | Reached skill level 1 in Throwing
   716 | D:1      | Found a faded altar of an unknown god.
   721 | D:1      | Reached XP level 3. HP: 31/31 MP: 2/2
   909 | D:2      | Reached skill level 4 in Axes
   964 | D:2      | You pick up a book of Blasting and begin reading...
   964 | D:2      | You add the spells Volatile Blastmotes, Fulminant Prism and
                  | Iskenderun's Mystic Blast to your library.
   981 | D:2      | Reached skill level 2 in Throwing
   981 | D:2      | Reached XP level 4. HP: 11/39 MP: 3/3
  1351 | D:2      | Reached skill level 5 in Axes
  1908 | D:3      | Reached XP level 5. HP: 39/45 MP: 4/4
  1932 | D:3      | You pick up a book of Debilitation and begin reading...
  1932 | D:3      | You add the spells Slow, Sigil of Binding, Vampiric
                  | Draining and Confusing Touch to your library.
  2190 | D:3      | HP: 11/46 [orc priest/+1 heavy trident (10)]
  2191 | D:3      | HP: 5/46 [orc priest/+1 heavy trident (7)]
  2192 | D:3      | Slain by an orc priest

Vanquished Creatures
  An orc priest (D:3)
  6 gnolls
  5 adders
  A worm (D:2)
  3 orcs (D:3)
  2 ball pythons
  6 endoplasms
  2 giant cockroaches (D:1)
  4 goblins
  8 hobgoblins
  6 jackals
  9 kobolds
  4 quokkas
  6 bats
  A frilled lizard (D:3)
  10 rats
74 creatures vanquished.

Table legend:
 A = Non-vault XP
 B = Vault XP
 C = Vault XP percentage of total XP
 D = Non-vault monster count
 E = Vault monster count
 F = Vault count percentage of total count
                 A         B        C        D         E       F
            +---------+---------+-------+---------+---------+-------
      Total |     301 |       0 |   0.0 |      74 |       0 |   0.0
            +---------+---------+-------+---------+---------+-------
        D:1 |      47 |       0 |   0.0 |      29 |       0 |   0.0
        D:2 |     134 |       0 |   0.0 |      29 |       0 |   0.0
        D:3 |     120 |       0 |   0.0 |      16 |       0 |   0.0
            +---------+---------+-------+---------+---------+-------

Skill      XL: |  1  2  3  4 |
---------------+-------------+-----
Axes           | 3 4 5 |  5.4
Throwing       | 1 2 |  2.9
Fighting       | |  3.8
Armour         | |  3.8
Shields        | |  3.9

Action                     |  1- 3 |  4- 6 || total
---------------------------+-------+-------++-------
  Melee: War axe           |    71 |    67 ||   138
         Headbutt          |     3 |     9 ||    12
 Armour: Scale mail        |    50 |     8 ||    58
         Chain mail        |       |    21 ||    21
         Plate armour      |       |    29 ||    29
  Dodge: Dodged            |    52 |    23 ||    75
  Block: Buckler           |    15 |    12 ||    27

Illustrated notes

Table legend:
 A = Kills in this place as a percentage of kills in the entire game.
 B = Kills by you in this place as a percentage of kills by you in the entire game.
 C = Kills by friends in this place as a percentage of kills by friends in the entire game.
 D = Other kills in this place as a percentage of other kills in the entire game.
 E = Experience gained in this place as a percentage of experience gained in the entire game.
 F = Experience gained in this place divided by the number of levels of this place that you have seen.
                   A       B       C       D       E      F
               +-------+-------+-------+-------+-------+----------------------
         Total | 100.0 | 100.0 |   N/A |   N/A | 100.0 | 100.3
       Dungeon | 100.0 | 100.0 |   N/A |   N/A | 100.0 | 100.3
               +-------+-------+-------+-------+-------+----------------------

Table legend: (Time is in decaauts)
 A = Elapsed time spent in this place.
 B = Non-inter-level travel time spent in this place.
 C = Inter-level travel time spent in this place.
 D = Time resting spent in this place.
 E = Time spent auto-exploring this place.
 F = Levels seen in this place.
 G = Mean time per level.
                   A        B        C        D        E       F      G
               +--------+--------+--------+--------+--------+-----+--------+
         Total |   2235 |   2133 |    102 |      0 |   1702 |   3 |  745.0 |
       Dungeon |   2235 |   2133 |    102 |      0 |   1702 |   3 |  745.0 |
               +--------+--------+--------+--------+--------+-----+--------+

Top non-repeatable levels by time:
     D:1: 922 daAuts
     D:2: 761 daAuts
     D:3: 550 daAuts
